 Dungeon Crawl Stone Soup version 0.16-a0-2145-g6af420d (webtiles) character file.

296 smajdalf the Ruffian (level 6, 0/47 (48) HPs)
             Began as a Ghoul Warper on Nov 13, 2014.
             Slain by an orc wizard
             ... wielding a cursed -1 dagger
              (2 damage)
             ... on level 4 of the Dungeon.
             The game lasted 00:11:40 (4032 turns).

smajdalf the Ruffian (Ghoul Warper)                 Turns: 4032, Time: 00:11:40

HP:   0/47 (48)     AC:  3    Str: 20    XL:     6   Next: 35%
MP:   8/8           EV: 11    Int: 10    God:
Gold: 148           SH:  0    Dex:  8    Spells: 1 memorised, 7 levels left

rFire  . . .     SeeInvis .       - Unarmed
rCold  + . .     Clarity  .     b - +0 leather armour
rNeg   + + +     SustAb   .     (no shield)
rPois  +         Gourm    .     (no helmet)
rElec  .         Spirit   .     (no cloak)
rCorr  .         Warding  .     (no gloves)
rMut   .         Stasis   .     (no boots)
MR     .....                    (no amulet)
Stlth  +.........               (no ring)
                                (no ring)

@: mighty, rotting, not resistant to hostile enchantments, very unstealthy
A: rotting body, claws 1, carnivore 3, cold resistance 1, negative energy
resistance 3, poison resistance, slow healing 1, torment resistance, unbreathing
a: no special abilities


You were on level 4 of the Dungeon.
You were not hungry.

You visited 1 branch of the dungeon, and saw 4 of its levels.

You collected 208 gold pieces.
You spent 60 gold pieces at shops.

Inventory:

Missiles
 e - 5 tomahawks of dispersal (quivered)
Armour
 b - a +0 leather armour (worn)
 w - a +3 ring mail
Magical devices
 p - a wand of flame (25)
Scrolls
 d - 2 scrolls of blinking
 g - 4 scrolls of remove curse
 l - 2 scrolls of teleportation {unknown}
 n - 2 scrolls of magic mapping {unknown}
 o - a scroll of enchant weapon {unknown}
 q - 2 scrolls of amnesia {unknown}
 r - 2 scrolls of identify {unknown}
Potions
 m - a potion of mutation {unknown}
 s - a potion of poison {unknown}
 u - a potion of invisibility {unknown}
Books
 c - a book of Spatial Translocations

   Spells                             Type                      Level
   *Apportation                       Translocation                1
   Blink                              Translocation                2
   Shroud of Golubria                 Charms/Translocation         2
   Portal Projectile                  Translocation                3
   Teleport Other                     Translocation                3
   Passage of Golubria                Translocation                4
Comestibles
 k - a meat ration
 t - a royal jelly
 v - a slice of pizza


   Skills:
 - Level 2.1 Fighting
 - Level 0.8 Throwing
 - Level 0.8 Armour
 - Level 1.7 Dodging
 + Level 7.1 Unarmed Combat
 - Level 1.7 Spellcasting
 - Level 2.6 Translocations


You had 7 spell levels left.
You knew the following spells:

 Your Spells              Type           Power        Failure   Level  Hunger
a - Apportation           Tloc           #.........   12%         1    ##.....


Dungeon Overview and Level Annotations

Branches:
Dungeon (4/15)
 Temple: D:4-7

Altars:
Ashenzari
Nemelex Xobeh

Shops:
D:4 *

Annotations:
D:4 shop: potions, food, scrolls


Innate Abilities, Weirdness & Mutations

Your body is rotting away.
You thrive on raw meat.
You have sharp fingernails.
You are carnivorous and can eat meat at any time.
Your flesh is cold resistant.
You are immune to negative energy.
Your system is resistant to poisons.
You heal slowly when monsters are visible.
You are immune to unholy pain and torment.
You can survive without breathing.


Message History

You feel better. The orc wizard misses you.
Drink which item? (? for menu, Esc to quit)
It has a very clean taste.
It was a potion of cure mutation.
The orc wizard barely misses you.
The orc wizard hits you but does no damage.
Drink which item? (? for menu, Esc to quit)
You feel protected.
The orc wizard mumbles some strange words.
The orc wizard blinks!
The magic dart hits you!
* * * LOW HITPOINT WARNING * * *
Drink which item? (? for menu, Esc to quit)
Your magical effects are unravelling.
You feel magically purged.
It was a potion of cancellation.
Your resistance to elements expires.
Something hits you.
* * * LOW HITPOINT WARNING * * *
Drink which item? (? for menu, Esc to quit)
You feel very mighty all of a sudden.
It was a potion of might.
Something hits you.
You die...

#.........####.#
#.##.##...##.#.#
#.###.......#
#............ #
#..######.#.# #. #..#
#.#.# #.# #..# #....
#..######..########.#
#.{{@.>o............#
#..##################
..... ###... ####


You could see an orc wizard.

Vanquished Creatures
  A hound (D:3)
  A giant frog skeleton (D:4)
  An iguana (D:4)
  3 orc wizards
  Jessica (D:2)
  5 adders
  A worm (D:2)
  2 giant geckos (D:3)
  An ooze (D:1)
  4 orcs
  A giant cockroach (D:4)
  5 hobgoblins
  7 bats
  8 giant newts
  6 goblins
  10 kobolds
  12 rats
69 creatures vanquished.

Notes
Turn   | Place    | Note
--------------------------------------------------------------
     0 | D:1      | smajdalf, the Ghoul Warper, began the quest for the Orb.
     0 | D:1      | Reached XP level 1. HP: 17/17 MP: 2/2
   834 | D:1      | Reached skill level 3 in Unarmed Combat
   834 | D:1      | Reached XP level 2. HP: 21/24 MP: 3/3
  1907 | D:2      | Noticed Jessica
  1915 | D:2      | Killed Jessica
  1915 | D:2      | Reached skill level 4 in Unarmed Combat
  1915 | D:2      | Reached XP level 3. HP: 24/29 MP: 5/5
  2148 | D:2      | Reached XP level 4. HP: 16/36 MP: 5/5
  2326 | D:3      | Found a sparkling altar of Nemelex Xobeh.
  2484 | D:3      | Reached skill level 5 in Unarmed Combat
  2790 | D:3      | Reached XP level 5. HP: 13/40 MP: 6/6
  3447 | D:4      | Found Cuvarint's General Store.
  3453 | D:4      | Bought a potion of curing for 30 gold pieces
  3453 | D:4      | Bought a scroll of remove curse for 30 gold pieces
  3497 | D:4      | Reached skill level 6 in Unarmed Combat
  3900 | D:4      | Found a shattered altar of Ashenzari.
  3956 | D:4      | Reached XP level 6. HP: 26/48 MP: 8/8
  3986 | D:4      | Reached skill level 7 in Unarmed Combat
  4031 | D:4      | HP: 2/47 [something (4)]
  4032 | D:4      | Slain by an orc wizard

Action                   |  1- 3 |  4- 6 || total
-------------------------+-------+-------++-------
Melee: Unarmed           |   114 |   149 ||   263
  Use: Potion            |       |     8 ||     8
  Eat: Chunk             |    14 |    11 ||    25
